 Dungeon Crawl Stone Soup version 0.29.1-2-gbd0b4ee654 (webtiles) character file.

Game seed: 1094505156153693277

110 GeoRichter the Gusty (level 4, 0/24 HPs)
             Began as a Tengu Air Elementalist on Nov 13, 2022.
             Killed by their own static electricity (3 damage)
             ... on level 4 of the Dungeon.
             The game lasted 00:05:22 (2945 turns).

GeoRichter the Gusty (Tengu Air Elementalist)       Turns: 2945, Time: 00:05:22

Health: 0/24       AC:  3    Str:  8    XL:     4   Next: 91%
Magic:  0/9        EV: 12    Int: 17    God:
Gold:   146        SH:  0    Dex: 15    Spells: 1/8 levels left

rFire   . . .      SeeInvis .   q - +0 falchion
rCold   . . .      Faith    .   (no shield)
rNeg    . . .      Spirit   .   a - +0 robe
rPois   .          Reflect  .   (helmet restricted)
rElec   .          Harm     .   n - +0 cloak
rCorr   .          Rampage  .   (no gloves)
Will    .....                   (boots unavailable)
Stlth   ++........              (no amulet)
HPRegen 0.08/turn               (no ring)
MPRegen 0.11/turn               (no ring)

@: no status effects
A: beak, talons 3
a: no special abilities


You were on level 4 of the Dungeon.
You visited 1 branch of the dungeon, and saw 4 of its levels.

You collected 146 gold pieces.

Inventory:

Hand Weapons
 q - a +0 falchion (weapon)
   (You took it off an orc on level 3 of the Dungeon)
Armour
 a - a +0 robe (worn)
 n - a +0 cloak (worn)
   (You found it on level 2 of the Dungeon)
Scrolls
 c - a scroll of immolation {!r}
 e - 3 scrolls of identify {unknown}
 f - a scroll of amnesia {unknown}
 h - a scroll of brand weapon {unknown}
 j - 2 scrolls of noise {unknown}
 p - a scroll of torment {unknown}
Potions
 b - a potion of magic
 g - 3 potions of ambrosia {unknown}
 i - 2 potions of curing {unknown}
 k - 3 potions of mutation {unknown}
 l - 2 potions of lignification {unknown}
 m - a potion of degeneration {unknown}
 o - a potion of invisibility {unknown}


   Skills:
 - Level 2.1 Dodging
 - Level 2.0 Stealth
 + Level 2.6 Spellcasting
 * Level 3.8 Conjurations
 * Level 5.5 Air Magic


You had one spell level left.
You knew the following spells:

 Your Spells              Type           Power      Damage    Failure   Level
a - Static Discharge      Conj/Air       18%        3-6/arc   4%          2
b - Airstrike             Air            10%        2d(2-18)  19%         4
c - Shock                 Conj/Air       72%        1d7       2%          1

Your spell library contained the following spells:

 Spells                   Type           Power      Damage    Failure   Level
 Magic Dart               Conj           60%        1d6       3%          1
 Summon Small Mammal      Summ           8%         N/A       19%         1
 Searing Ray              Conj           30%        2d5       5%          2
 Swiftness                Air            21%        N/A       5%          3
 Dazzling Flash           Conj/Hex       16%        N/A       24%         3
 Call Canine Familiar     Summ           2%         N/A       50%         3
 Summon Guardian Golem    Hex/Summ       2%         N/A       50%         3
 Fulminant Prism          Conj/Hex       4%         3d6       63%         4
 Iskenderun's Mystic Bla  Conj/Tloc      8%         2d4       63%         4
 Starburst                Conj/Fire      4%         6d3       100%        6


Dungeon Overview and Level Annotations

Branches:
Dungeon (4/15) Zot: 21055
 Temple: D:4-7

Altars:


Innate Abilities, Weirdness & Mutations

You have a beak for a mouth.
You have claws for feet.


Message History

The zap hits the ufetubus.
The ufetubus hits you. The ufetubus barely misses you.
Aim: an ufetubus (heavily wounded, 53% to hit)
That beam is likely to hit you.
Continue anyway? [Y]es or [N]o only, please.
That beam is likely to hit you.
Continue anyway?
Okay, then.
The ufetubus is struck by an arc of lightning.
You kill the ufetubus!
You are struck by an arc of lightning.
Found a yellow potion.
g - 3 black potions (gained 2)
A hobgoblin comes into view.
A hobgoblin is nearby!
The zap hits the hobgoblin.
The hobgoblin shouts!
You hear a shout!
You hear an angry hiss.
The zap misses the hobgoblin.
The zap hits the hobgoblin.
You kill the hobgoblin!
You can't see any susceptible monsters within range! (Use Z to cast anyway.)
You can't see any susceptible monsters within range! (Use Z to cast anyway.) This spell is astonishingly dangerous to cast!
Memorise Airstrike, consuming 4 spell levels and leaving 1?
You start memorising the spell.
You continue memorising. x4
You finish memorising.
Spell assigned to 'c'.
Adjust (i)tems, (s)pells, or (a)bilities?
Adjust which spell? c - Airstrike Adjust to which letter? b - Airstrike; c - Shock An ogre comes into view.
It is wielding a +0 giant spiked club.
You miscast Shock.
You are very lightly contaminated with residual magic.
Nothing appears to happen.
The ogre shouts!
The zap hits the ogre!
The zap hits the ogre.
The zap hits the ogre.
The zap hits the ogre.
Your magical contamination has completely faded away.
There is a stone staircase leading up here.
The zap misses the ogre.
The ogre is struck by an arc of lightning!
You are struck by an arc of lightning.
The lightning grounds out.
The ogre hits you with a +0 giant spiked club!!
Ouch! That really hurt!
* * * LOW HITPOINT WARNING * * *
The ogre is struck by an arc of lightning.
You are struck by an arc of lightning.
You die...

#########
#@).....#
#O).....#
#.......#
#.......#
#..>....# ..
#.......#
#.##.......#
.......#...###
#..........#####


You could see an ogre.

Vanquished Creatures
  5 adders
  An ufetubus (D:4)
  A worm (D:3)
  3 orcs (D:3)
  3 bats
  3 endoplasms
  4 giant cockroaches
  4 goblins
  6 hobgoblins
  5 jackals
  2 quokkas
  6 ball pythons
  5 frilled lizards
  3 kobolds
  3 rats
54 creatures vanquished.

Notes
Turn   | Place    | Note
-------+----------+-------------------------------------------
     0 | D:1      | GeoRichter the Tengu Air Elementalist began the quest for
                  | the Orb.
     0 | D:1      | Reached XP level 1. HP: 10/10 MP: 4/4
    71 | D:1      | Found a faded altar of an unknown god.
   531 | D:1      | Reached XP level 2. HP: 15/15 MP: 3/6
  1307 | D:2      | Learned a level 2 spell: Static Discharge
  1388 | D:2      | Reached XP level 3. HP: 19/19 MP: 4/7
  1692 | D:2      | Reached skill level 5 in Air Magic
  1965 | D:3      | Reached XP level 4. HP: 24/24 MP: 6/8
  2925 | D:4      | Learned a level 4 spell: Airstrike
  2934 | D:4      | Noticed an ogre
  2945 | D:4      | Killed from afar by themself

Illustrated notes

Levels and vault maps discovered:
D:1:      lemuel_arrival_tunnels, layout_loops_ring,
          hellmonk_ecumenical_altar_blasted
D:2:      layout_rooms, minmay_misc_feat_nine_boxes
D:3:      layout_rooms
D:4:      layout_loops_cross, hellmonk_ghost_happy_afterlife, uniq_sigmund

Skill      XL: |  1  2  3 |
---------------+----------+-----
Conjurations   | 2 3 |  3.8
Air Magic      | 5 |  5.5
Dodging        | |  2.1
Stealth        | |  2.0
Spellcasting   | |  2.6

Action                   |  1- 3 |  4- 6 || total
-------------------------+-------+-------++-------
Melee: Unarmed           |     1 |       ||     1
       Dagger            |     2 |       ||     2
       Falchion          |       |     3 ||     3
       Kick              |       |     1 ||     1
 Cast: Shock             |    76 |    46 ||   122
       Static Discharge  |       |     4 ||     4
Armor: Robe              |     3 |       ||     3
Dodge: Dodged            |     2 |     4 ||     6
